 Dungeon Crawl Stone Soup version 0.21-a0-270-g8204059 (webtiles) character file.

107 tof the Conjurer (level 4, 0/33 HPs)
             Began as a Draconian Conjurer on Sept 13, 2017.
             Killed by divine providence
             ... invoked by an orc priest
              (11 damage)
             ... on level 3 of the Dungeon.
             The game lasted 00:09:12 (2834 turns).

tof the Conjurer (Draconian Conjurer)               Turns: 2834, Time: 00:09:13

Health: 0/33       AC:  6    Str: 10    XL:     4   Next: 57%
Magic:  1/7        EV: 10    Int: 16    God:
Gold:   158        SH:  7    Dex: 12    Spells: 5/8 levels left

rFire    . . .     SeeInvis .   d - +0 short sword
rCold    . . .     Gourm    .   e - +0 shield
rNeg     . . .     Faith    .   (armour unavailable)
rPois    .         Spirit   .   (helmet restricted)
rElec    .         Reflect  .   (no cloak)
rCorr    .         Harm     .   r - +0 pair of gloves
MR       .....                  (no boots)
Stlth    ++........             (no amulet)
HPRegen  0.11/turn              g - ring of wizardry
MPRegen  0.10/turn              (no ring)

@: very slightly contaminated
A: unfitting armour, cold-blooded, AC +5
a: no special abilities


You were on level 3 of the Dungeon.
You were hungry.

You visited 1 branch of the dungeon, and saw 3 of its levels.

You collected 158 gold pieces.

Inventory:

Hand Weapons
 d - a +0 short sword (weapon)
Armour
 e - a +0 shield (worn)
 r - a +0 pair of gloves (worn)
Jewellery
 g - a ring of wizardry (left hand)
 t - an uncursed ring of resist corrosion {unknown}
 v - an uncursed amulet of the gourmand {unknown}
Scrolls
 f - a scroll of immolation {unknown}
 k - a scroll of teleportation {unknown}
 l - a scroll of enchant armour {unknown}
 n - a scroll of enchant weapon {unknown}
 o - a scroll of amnesia {unknown}
 q - 2 scrolls of identify {unknown}
 u - a scroll of magic mapping {unknown}
Potions
 c - a potion of might {unknown}
 h - a potion of lignification {unknown}
 i - 2 potions of brilliance {unknown}
 j - a potion of curing {unknown}
 m - a potion of mutation {unknown}
Books
 a - a book of Conjurations

   Spells                             Type                      Level
   a - Magic Dart                     Conjuration                  1
   b - Searing Ray                    Conjuration                  2
   c - Dazzling Spray                 Conjuration/Hexes            3
   d - Fulminant Prism                Conjuration/Hexes            4
   e - Force Lance                    Conjuration/Translocation    4
   f - Iskenderun's Mystic Blast      Conjuration                  4
Comestibles
 b - 3 bread rations
 p - a meat ration
 s - 3 chunks of flesh


   Skills:
 + Level 2.1 Dodging
 + Level 2.3 Stealth
 * Level 2.1 Shields
 + Level 2.6 Spellcasting
 * Level 4.6 Conjurations


You had 5 spell levels left.
You knew the following spells:

 Your Spells              Type           Power        Failure   Level  Hunger
a - Magic Dart            Conj           ###.         6%          1    #......
b - Searing Ray           Conj           ###...       10%         2    ##.....


Dungeon Overview and Level Annotations

Branches:
Dungeon (3/15)

Altars:


Innate Abilities, Weirdness & Mutations

Your plain brown scales are hard. (AC +5)
You cannot fit into any form of body armour.
You are cold-blooded and may be slowed by cold attacks.


Message History

You block the puff of flame.
The orc priest invokes the aid of Beogh against you.
You barely resist. Something hits you but does no damage.
You block something's attack.
You miss something. Something hits you but does no damage.
You miss something. You tail-slap something.
Something hits you but does no damage.
You hit something. Something hits you.
You closely miss something.
Your tail-slap misses something.
Something hits you.
The orc priest mumbles some strange prayers to Beogh against you.
Beogh smites you!
You hit something but do no damage.
You hear some strange, mumbled words.
A magic dart appears from out of thin air!
The magic dart hits you!
The orc priest mumbles some strange prayers to Beogh against you.
Beogh smites you!
You die...

#.#.######## ###
#...........
###.######## # #.#
######### ###.#
#(......# .##.#
#...รท...# ..#.#
#....(..# #####
..#.#####.....(.##o.....
..#.....'.......@{o)....
#.#..####.......##......
#....# ######### .....
##...# #### #...# #...#
..>.# #.##.# #. #.#


You could see an orc priest and an orc.

Vanquished Creatures
  4 adders
  2 worms (D:2)
  2 leopard geckos (D:1)
  4 orcs (D:3)
  4 giant cockroaches
  8 goblins
  12 hobgoblins
  A quokka (D:2)
  5 bats
  4 frilled lizards
  5 kobolds
  A leopard gecko zombie (D:2)
  4 rats
56 creatures vanquished.

Notes
Turn   | Place    | Note
-------+----------+-------------------------------------------
     0 | D:1      | tof the Draconian Conjurer began the quest for the Orb.
     0 | D:1      | Reached XP level 1. HP: 14/14 MP: 3/3
   447 | D:1      | Reached XP level 2. HP: 20/20 MP: 1/5
   451 | D:1      | Learned a level 2 spell: Searing Ray
   706 | D:1      | Reached skill level 1 in Shields
  1142 | D:2      | Reached XP level 3. HP: 26/26 MP: 1/6
  2162 | D:2      | Reached XP level 4. HP: 33/33 MP: 4/7
  2834 | D:3      | Killed from afar by an orc priest

Vault maps used:
D:1:      sevenhm_arrival_forest_fort_large_2
D:2:      first_bread, minmay_misc_feat_cross

Skill      XL: |  1  2  3 |
---------------+----------+-----
Stealth        | 2 |  2.3
Shields        | 1 2 |  2.1
Dodging        | 2 |  2.1
Spellcasting   | |  2.6
Conjurations   | |  4.6

Action                   |  1- 3 |  4- 6 || total
-------------------------+-------+-------++-------
Melee: Short sword       |    46 |     7 ||    53
       Tailslap          |     3 |     1 ||     4
 Cast: Magic Dart        |    59 |    22 ||    81
       Searing Ray       |     6 |     3 ||     9
  Use: Scroll            |     2 |       ||     2
  Eat: Chunk             |     5 |     2 ||     7
Armor: Skin              |    17 |     4 ||    21
Dodge: Dodged            |    30 |     2 ||    32
Block: Shield            |    18 |     3 ||    21

Table legend:
 A = Spawn XP
 B = Non-spawn XP
 C = Spawn XP percentage of total XP
 D = Spawn monster count
 E = Non-spawn monster count
 F = Spawn count percentage of total count
 G = Total turns spent on level
                    A         B        C        D         E        F      G
               +---------+---------+-------+---------+---------+-------+---------
         Total |       0 |     154 |   0.0 |       0 |      56 |   0.0 |  2834
               +---------+---------+-------+---------+---------+-------+---------
           D:1 |       0 |      34 |   0.0 |       0 |      18 |   0.0 |  1047
           D:2 |       0 |      69 |   0.0 |       0 |      25 |   0.0 |  1378
           D:3 |       0 |      51 |   0.0 |       0 |      13 |   0.0 |   409
               +---------+---------+-------+---------+---------+-------+---------
